 Dungeon Crawl Stone Soup version 0.29-a0-356-g7bc237e783 (webtiles) character file.

Game seed: 5634924579326965813

392 siradein the Digger (level 6, -1/49 HPs)
             Began as a Deep Dwarf Earth Elementalist on Apr 26, 2022.
             Hit by a boomerang thrown by an orc warrior (12 damage)
             ... on level 4 of the Dungeon.
             The game lasted 00:19:03 (3995 turns).

siradein the Digger (Deep Dwarf Earth Elementalist) Turns: 3995, Time: 00:19:03

Health: -1/49      AC:  6    Str: 12    XL:     6   Next: 51%
Magic:  8/10       EV: 12    Int: 17    God:
Gold:   163        SH:  0    Dex: 13    Spells: 7/11 levels left

rFire   . . .      SeeInvis .   m - +1 dagger (venom)
rCold   . . .      Faith    .   (no shield)
rNeg    . . .      Spirit   .   b - +0 robe
rPois   .          Reflect  .   (no helmet)
rElec   .          Harm     .   (no cloak)
rCorr   .          Rampage  .   (no gloves)
Will    .....                   (no boots)
Stlth   ++........              (no amulet)
HPRegen 0.00/turn               l - +4 ring of protection
MPRegen 0.12/turn               (no ring)

@: no status effects
A: damage resistance, heal wounds, sense surroundings 1, no regeneration
a: Heal Wounds


You were on level 4 of the Dungeon.
You visited 1 branch of the dungeon, and saw 4 of its levels.

You collected 219 gold pieces.
You spent 56 gold pieces at shops.

Inventory:

Hand Weapons
 m - a +1 dagger of venom (weapon)
Missiles
 a - 21 stones
Armour
 b - a +0 robe (worn)
Jewellery
 l - a +4 ring of protection (left hand)
Wands
 p - a wand of polymorph (5)
Scrolls
 d - a scroll of magic mapping
 e - a scroll of fear
 g - 5 scrolls of teleportation
 h - a scroll of summoning
 j - a scroll of brand weapon
 k - a scroll of enchant weapon {unknown}
 q - a scroll of identify
Potions
 c - a potion of magic
 f - a potion of flight
 i - 2 potions of ambrosia
 n - 2 potions of invisibility
 o - a potion of degeneration {unknown}


   Skills:
 - Level 2.1 Dodging
 - Level 2.4 Stealth
 + Level 3.3 Spellcasting
 + Level 2.9 Conjurations
 - Level 0.8 Transmutations
 + Level 7.3 Earth Magic


You had 7 spell levels left.
You knew the following spells:

 Your Spells              Type           Power      Damage    Failure   Level
a - Sandblast             Erth           54%        2d13      1%          1
b - Stone Arrow           Conj/Erth      40%        3d9       6%          3

Your spell library contained the following spells:

 Spells                   Type           Power      Damage    Failure   Level
 Passwall                 Tmut/Erth      13%        N/A       4%          2
 Petrify                  Tmut/Erth      16%        N/A       32%         4
 Mephitic Cloud           Conj/Pois/Air  6%         N/A       34%         3
 Ignite Poison            Fire/Tmut/Pois 3%         N/A       41%         3
 Eringya's Noxious Bog    Tmut/Pois      2%         N/A       100%        6


Dungeon Overview and Level Annotations

Branches:
Dungeon (4/15)
 Temple: D:4-7

Altars:

Shops:
D:3 ?


Innate Abilities, Weirdness & Mutations

You are resistant to damage.
You can heal yourself by infusing magical energy.
You passively map a small area around you.
You do not regenerate.


Message History

Your +1 dagger of venom stops dripping with poison.
The white imp completely misses you.
You kill Eustachio!
The ufetubus disappears in a puff of smoke!
The white imp disappears in a puff of smoke!
Your Spellcasting skill increases to level 3!
Your Earth Magic skill increases to level 7!
You have reached level 6!
Your transformation is almost over.
You feel less batty.
Your +1 dagger of venom unmelds from your body.
Your +0 robe unmelds from your body.
Your +4 ring of protection unmelds from your body.
Your +1 dagger of venom begins to drip with poison!
Magic restored.
There is a stone staircase leading up here.
p - a wand of polymorph (5)
Things that are here:
a +0 falchion; a +0 leather armour; the human corpse of Eustachio You open the door.
There is an open door here.
q - a scroll of identify
Found an escape hatch in the ceiling.
You now have 163 gold pieces (gained 9).
You pick up the Tome of Envenoming and begin reading...
You add the spells Mephitic Cloud, Ignite Poison and Eringya's Noxious Bog to your library.
An adder and a goblin come into view.
The stone arrow hits the adder!!
You kill the adder!
An orc warrior comes into view. It is wielding a +0 short sword.
The orc warrior shouts!
The orc warrior throws a boomerang.
The boomerang closely misses you.
An orc comes into view. It is wielding a +0 short sword.
The orc warrior throws a boomerang.
The boomerang hits you.
The orc warrior throws a boomerang.
The boomerang hits you!
The orc warrior throws a boomerang.
The boomerang hits you!
* * * LOW HITPOINT WARNING * * *
There is an open door here.
The orc warrior throws a boomerang.
The boomerang hits you!
You die...

#.#.# #.#.# , , #.##. *####.#.#
, * ....... .....#.####### .#
#...#.#.######.........# ..
..........##.#.#.###.###
##.##.#.#.....##.....[.#.#
,.....#.#.....##.#.#.#.#.#
*#.#..#.#.....##@#.#.#.#.######
##.#..#.#.....'..#.#.#.)......#
......#.......####.#.###<####.#
#.......o.........#.# #.# *,
,###..#.......#....#.# #.# *
##....#.#.#.#.#.#..#.. #.# *
...#..........# #..# ,#.# *
##........#.#.# ,,# * #.#
....####..#.#.#, ,#.#


You could see an orc warrior.

Vanquished Creatures
  Eustachio (D:4)
  3 jellies (D:2)
  An orc priest (D:3)
  A gnoll (D:3)
  4 adders
  3 orcs (D:3)
  9 endoplasms
  5 giant cockroaches
  4 goblins
  9 hobgoblins
  5 quokkas
  5 ball pythons
  7 bats
  2 frilled lizards
  16 kobolds
  7 rats
82 creatures vanquished.

Vanquished Creatures (others)
  8 fungi (D:2)
  5 toadstools (D:2)
13 creatures vanquished.

Grand Total: 95 creatures vanquished

Notes
Turn   | Place    | Note
-------+----------+-------------------------------------------
     0 | D:1      | siradein the Deep Dwarf Earth Elementalist began the quest
                  | for the Orb.
     0 | D:1      | Reached XP level 1. HP: 15/15 MP: 3/3
   150 | D:1      | Reached XP level 2. HP: 22/22 MP: 0/4
   305 | D:1      | Reached skill level 5 in Earth Magic
   768 | D:1      | Reached XP level 3. HP: 28/28 MP: 2/5
   859 | D:1      | Learned a level 3 spell: Stone Arrow
  1582 | D:2      | Reached skill level 1 in Conjurations
  1582 | D:2      | Reached skill level 6 in Earth Magic
  1582 | D:2      | Reached XP level 4. HP: 32/36 MP: 3/7
  1974 | D:2      | Reached XP level 5. HP: 37/42 MP: 4/8
  2150 | D:3      | Found Rintief's Magic Scroll Emporium.
  2179 | D:3      | Bought a scroll of identify for 28 gold pieces
  2179 | D:3      | Bought a scroll of identify for 28 gold pieces
  3771 | D:4      | Noticed Eustachio
  3861 | D:4      | Killed Eustachio
  3862 | D:4      | Reached skill level 7 in Earth Magic
  3862 | D:4      | Reached XP level 6. HP: 25/49 MP: 0/10
  3978 | D:4      | Got the Tome of Envenoming
  3981 | D:4      | Noticed an orc warrior
  3995 | D:4      | Hit by a boomerang thrown by an orc warrior

Illustrated notes

Levels and vault maps discovered:
D:1:      sevenhm_arrival_forest_fort_small_6, layout_rooms, minivault_11
D:2:      cheibrodos_fertilizer, layout_rooms, minmay_misc_feat_diagonals
D:3:      layout_loops_corners, serial_shops, nicolae_shop_hallway_plus,
          st_stairs_5
D:4:      layout_basic, general_overflow_altar, uniq_eustachio

Skill      XL: |  1  2  3  4  5 |
---------------+----------------+-----
Earth Magic    | 5 6 7 |  7.3
Spellcasting   | 2 3 |  3.3
Conjurations   | 1 2 |  2.9
Dodging        | |  2.1
Stealth        | |  2.4
Transmutations | |  0.8

Action                   |  1- 3 |  4- 6 || total
-------------------------+-------+-------++-------
Melee: Dagger            |       |     2 ||     2
 Cast: Sandblast         |    68 |    24 ||    92
       Stone Arrow       |       |    27 ||    27
  Use: Scroll            |     4 |     4 ||     8
Armor: Robe              |    12 |    13 ||    25
Dodge: Dodged            |    39 |    34 ||    73

Table legend: (Time is in decaauts)
 A = Elapsed time spent in this place.
 B = Non-inter-level travel time spent in this place.
 C = Inter-level travel time spent in this place.
 D = Time resting spent in this place.
 E = Time spent auto-exploring this place.
 F = Levels seen in this place.
 G = Mean time per level.
                   A        B        C        D        E       F      G
               +--------+--------+--------+--------+--------+-----+--------+
         Total |   3994 |   3922 |     72 |    421 |   2638 |   4 |  998.5 |
       Dungeon |   3994 |   3922 |     72 |    421 |   2638 |   4 |  998.5 |
               +--------+--------+--------+--------+--------+-----+--------+

Top non-repeatable levels by time:
     D:3: 1604 daAuts
     D:2: 1347 daAuts
     D:1: 878 daAuts
     D:4: 164 daAuts
